 Dungeon Crawl Stone Soup version 0.31-a0-188-g5e087ee2ca (webtiles) character file.

Game seed: 13579930059515709021

270 qw the Skirmisher (level 6, -4/32 (35) HPs)
             Began as a Deep Elf Hunter on June 23, 2023.
             Slain by Natasha (7 damage)
             ... on level 3 of the Dungeon.
             The game lasted 00:01:05 (2016 turns).

qw the Skirmisher (Deep Elf Hunter)                 Turns: 2016, Time: 00:01:05

HP:   -4/32 (35)    AC:  7    Str: 10    XL:     6   Next: 1%
MP:   8/8           EV: 16    Int: 14    God:
Gold: 135           SH:  0    Dex: 18    Spells: 5/5 levels left

rFire   . . .        Y - +0 shortbow
rCold   . . .        (shield currently unavailable)
rNeg    + . .        i - +0 ring mail
rPois   .            c - +0 helmet
rElec   .            (no cloak)
rCorr   .            (no gloves)
SInv    .            g - +0 pair of boots
Will    .....        k - amulet of regeneration
Stlth   +            d - ring of positive energy
HPRegen 1.05/turn    j - +5 ring of evasion
MPRegen 0.11/turn

%: no passive effects
@: drained
A: no striking features
a: no special abilities


You were on level 3 of the Dungeon.
You visited 1 branch of the dungeon, and saw 3 of its levels.

You collected 135 gold pieces.


   Skills:
 - Level 2.2 Fighting
 - Level 9.1 Ranged Weapons
 + Level 0.8 Armour
 - Level 2.4 Dodging
 - Level 1.2 Stealth


You had 5 spell levels left.
You didn't know any spells.
Your spell library was empty.

Inventory:

Hand Weapons
 Y - a +0 shortbow (weapon)
Armour
 c - a +0 helmet (worn)
 g - a +0 pair of boots (worn)
 i - a +0 ring mail (worn)
Jewellery
 d - a ring of positive energy (left hand)
 j - a +5 ring of evasion (right hand)
 k - an amulet of regeneration (around neck)
Wands
 a - a wand of digging (9)
Scrolls
 m - a scroll of enchant armour {unknown}
Potions
 b - a potion of cancellation {unknown}
 e - a potion of lignification {unknown}
 f - a potion of invisibility
 h - 6 potions of curing
 l - a potion of haste {unknown}
 o - a potion of enlightenment {unknown}

Dungeon Overview and Level Annotations

Branches:
Dungeon (3/15)

Altars:
Trog

Annotations:
D:3 Natasha


Message History

The cerulean imp hits you from afar with a +2 spear.
The cerulean imp completely misses you.
The cerulean imp hits you from afar with a +0 spear.
The cerulean imp hits you from afar with a +2 spear.
The cerulean imp hits you but does no damage.
You shoot an arrow.
The arrow barely misses the cerulean imp.
The cerulean imp disappears in a puff of smoke!
The cerulean imp hits you but does no damage. x3
The cerulean imp hits you from afar with a +2 spear.
You hear some strange, mumbled words.
Something tries to affect you, but you resist.
You shoot an arrow. The arrow hits the cerulean imp.
The cerulean imp is moderately wounded.
The cerulean imp closely misses you.
The cerulean imp hits you but does no damage.
Something claws you but does no damage.
You shoot an arrow.
The arrow hits the cerulean imp but does no damage.
The cerulean imp is moderately wounded.
The cerulean imp closely misses you. x2; Something claws you but does no damage.
The cerulean imp barely misses you. The cerulean imp closely misses you.
You hear some strange, mumbled words.
A magic dart appears from out of thin air!
The magic dart hits you.
You shoot an arrow. The arrow hits the cerulean imp!
You kill the cerulean imp!
The cerulean imp disappears in a puff of smoke!
The cerulean imp hits you but does no damage.
Something claws you. The cerulean imp closely misses you.
You shoot an arrow.
The arrow closely misses the cerulean imp.
You feel yourself speed up. Something claws you.
The cerulean imp hits you from afar with a +0 spear.
Something claws you!
You shoot an arrow.
The arrow barely misses the cerulean imp.
The cerulean imp closely misses you. Something claws you!
You die...

#...........#
#...........#
#...^.......#
#.......>...#
######...........#
.................######.
..........###...........
..........# #.#...5.....
..........# #.).@{......
..........# #.##.##.###.
########### #.#.....#
#.##.#### #.##.# #.##.#
#.##.. #.##.# #.##.#


You could see a cerulean imp (summoned).

Vanquished Creatures
  A jelly (D:3)
  An orc priest (D:2)
  Jessica (D:2)
  Terence (D:2)
  Natasha (twice) (D:3)
  3 adders
  4 orcs
  4 ball pythons (D:1)
  6 bats
  6 endoplasms
  4 giant cockroaches
  4 hobgoblins
  12 jackals
  4 quokkas
  2 frilled lizards
  7 kobolds
  14 rats
76 creatures vanquished.

Notes
Turn   | Place    | Note
-------+----------+-------------------------------------------
     0 | D:1      | qw the Deep Elf Hunter began the quest for the Orb.
     0 | D:1      | Reached XP level 1. HP: 12/12 MP: 3/3
     0 | D:1      | 0 ||| qw: Version: 0.3-a-9-g12657ce
     0 | D:1      | 0 ||| qw: Game counter: 4323
     0 | D:1      | 0 ||| qw: Always use a shield: true
     0 | D:1      | 0 ||| qw: God list: Okawaru
     0 | D:1      | 0 ||| qw: Allow faded altars: false
     0 | D:1      | 0 ||| qw: Do Orc after D:15 true
     0 | D:1      | 0 ||| qw: Do second Lair branch before Depths: true
     0 | D:1      | 0 ||| qw: Lair rune preference: random
     0 | D:1      | 0 ||| qw: Plans: Normal
     0 | D:1      | 0 ||| PLANNING D:1-11
   130 | D:1      | Reached XP level 2. HP: 16/16 MP: 4/4
   141 | D:1      | Reached skill level 6 in Ranged Weapons
   517 | D:1      | Reached XP level 3. HP: 13/20 MP: 5/5
   799 | D:1      | 799 ||| UPGRADING to +0 pair of boots.
   804 | D:1      | 804 ||| UPGRADING to +0 ring mail.
   814 | D:1      | 814 ||| DROPPING +0 leather armour.
   820 | D:1      | 820 ||| UPGRADING to ring of positive energy.
   826 | D:1      | Found a bloodstained altar of Trog.
   828 | D:1      | 828 ||| UPGRADING to +5 ring of evasion.
   829 | D:1      | 829 ||| DROPPING ring of flight.
   830 | D:1      | 830 ||| DRINKING 4 puce potions.
   835 | D:1      | 835 ||| DROPPING scroll of butterflies.
   992 | D:2      | Noticed Jessica
   998 | D:2      | 998 ||| Stepping ~*~*~tactically~*~*~ (outnumbered).
  1008 | D:2      | Killed Jessica
  1009 | D:2      | Reached skill level 7 in Ranged Weapons
  1009 | D:2      | Reached XP level 4. HP: 19/25 MP: 6/6
  1011 | D:2      | 1011 ||| FLEEEEING.
  1012 | D:2      | 1012 ||| FLEEEEING.
  1018 | D:2      | 1018 ||| FLEEEEING.
  1021 | D:2      | 1021 ||| FLEEEEING.
  1237 | D:2      | Noticed Terence
  1245 | D:2      | Killed Terence
  1246 | D:2      | Reached skill level 8 in Ranged Weapons
  1566 | D:2      | 1566 ||| UPGRADING to +0 helmet.
  1571 | D:2      | 1571 ||| UPGRADING to amulet of regeneration.
  1576 | D:2      | 1576 ||| READING scroll labelled NYETWI VUWK.
  1577 | D:2      | 1577 ||| READING scroll labelled MOPEGGEDUY.
  1578 | D:2      | 1578 ||| READING scroll labelled BONTUOB XIMIZAS.
  1590 | D:3      | 1590 ||| STAIRDANCE
  1604 | D:3      | 1604 ||| STAIRDANCE
  1617 | D:2      | Reached XP level 5. HP: 29/29 MP: 7/7
  1620 | D:3      | 1620 ||| STAIRDANCE
  1785 | D:3      | Noticed Natasha
  1798 | D:3      | Killed Natasha
  1799 | D:3      | Reached skill level 9 in Ranged Weapons
  1956 | D:3      | Noticed Natasha
  1958 | D:3      | 1958 ||| FLEEEEING.
  1959 | D:3      | 1959 ||| FLEEEEING.
  1963 | D:3      | Killed Natasha
  1964 | D:3      | Reached XP level 6. HP: 25/32 MP: 8/8
  2001 | D:3      | Noticed Natasha
  2015 | D:3      | HP: 2/32 [something (8)]
  2016 | D:3      | Slain by Natasha

Levels and vault maps discovered:
D:1:      dpeg_arrival_lava_altar, layout_loops_ring, minmay_rat_gold_closets
D:2:      layout_loops_ring, minmay_crystal_room, uniq_terence, uniq_jessica
D:3:      layout_basic, nicolae_concentric_dashed_squares_wild,
          nicolae_the_louvre, uniq_natasha

Skill      XL: |  1  2  3  4  5 |
---------------+----------------+-----
Ranged Weapons | 6 7 8 9 |  9.1
Fighting       | 2 |  2.2
Armour         | |  0.8
Dodging        | |  2.4
Stealth        | |  1.2

Action                     |  1- 3 |  4- 6 || total
---------------------------+-------+-------++-------
   Fire: Shortbow          |   103 |   146 ||   249
    Use: Potion            |     1 |       ||     1
         Scroll            |       |     3 ||     3
 Armour: Leather armour    |     7 |       ||     7
         Ring mail         |    10 |    20 ||    30
  Dodge: Dodged            |    51 |    80 ||   131

Table legend:
 A = Non-vault XP
 B = Vault XP
 C = Vault XP percentage of total XP
 D = Non-vault monster count
 E = Vault monster count
 F = Vault count percentage of total count
                 A         B        C        D         E       F
            +---------+---------+-------+---------+---------+-------
      Total |     270 |     117 |  30.2 |      64 |      12 |  15.8
            +---------+---------+-------+---------+---------+-------
        D:1 |      38 |       9 |  19.1 |      22 |       9 |  29.0
        D:2 |     114 |      73 |  39.0 |      27 |       2 |   6.9
        D:3 |     118 |      35 |  22.9 |      15 |       1 |   6.2
            +---------+---------+-------+---------+---------+-------
